[Event "Qatar Masters 2024"]
[Site "Doha"]
[Date "2024.12.03"]
[Round "1.27"]
[White "Shturman, Arseniy"]
[Black "Quesada Perez, Luis Ernesto"]
[Result "1/2-1/2"]
[Annotator "TA"]
[ECO "B07"]
[WhiteElo "2350"]
[BlackElo "2580"]
[PlyCount "100"]
[EventDate "2024.11.24"]
[EventType "swiss"]
[EventCountry "QAT"]
[SourceTitle "playchess.com"]
[Source "ChessBase"]
[SourceQuality "1"]
[TimeControl "40/5400+30:1800+30"]

1. e4 d6 2. d4 Nf6 3. Nc3 e5 4. dxe5 dxe5 5. Qxd8+ Kxd8 6. Bc4 Bb4 {[%emt 0:00:43] 6...Ke8 gains popularity.} 7. Bxf7 {[%emt 0:07:37] B07: Pirc Defence: Miscellaneous Systems.} Rf8 8. Bc4 Nxe4 9. Nge2 Bf5 ({Much weaker is} 9... Rxf2 $6 10. a3 Bxc3+ 11. Nxc3 Nxc3 (11... Rxc2 $2 12. Bd3 $18) 12. Kxf2 Ne4+ $18) 10. O-O Nxc3 11. Bg5+ $146 ({Predecessor:} 11. Nxc3 c6 12. Bb3 Nd7 13. Bg5+ Kc7 14. Nd1 a5 15. c3 Bd6 16. Bc4 {½-½ Casper,T (2435)-Hesse,P (2355) DDR-ch34 Final 1985 (2)}) 11... Kc8 12. Nxc3 c6 13. Rfe1 Nd7 14. Re2 Kc7 15. Ne4 h6 16. a3 Bxe4 17. Rxe4 hxg5 18. axb4 Rf4 19. Rae1 Re8 20. g3 Rxe4 21. Rxe4 Nf6 22. Re3 e4 23. Bf7 Re7 24. Bg6 Kd6 25. Kg2 Re5 26. c3 Re7 27. h3 Kd5 28. b3 Kd6 29. c4 c5 (29... Ke5 $15 30. Bxe4 Nxe4) 30. b5 $1 $11 Kc7 31. Kf1 Kd6 32. Ke2 Re5 33. Ke1 Re7 34. Ke2 a6 35. bxa6 bxa6 36. Ke1 a5 37. Ke2 Re6 38. Bf7 Re5 39. Bg6 Re7 40. Ke1 Ke5 41. f3 Kd4 42. Kd2 a4 43. Bxe4 axb3 44. Rxb3 Kxc4 (44... Nxe4+ $15 45. fxe4 g4 (45... Rxe4 46. Rb7 $11) (45... Kxc4 46. Rc3+ Kb4 47. Kd3 $11)) 45. Rc3+ $11 Kb4 46. Bd3 Rd7 47. Kc2 Rd4 48. Rb3+ Ka4 49. Rb7 c4 50. Be4 Nxe4 1/2-1/2

[Event "Qatar Masters 2024"]
[Site "Doha"]
[Date "2024.12.03"]
[Round "1.28"]
[White "Bharath Subramaniyam H"]
[Black "Sliwicka, Alicja"]
[Result "1-0"]
[Annotator "TA"]
[ECO "B31"]
[WhiteElo "2561"]
[BlackElo "2380"]
[PlyCount "75"]
[EventDate "2024.11.24"]
[EventType "swiss"]
[EventCountry "QAT"]
[SourceTitle "playchess.com"]
[Source "ChessBase"]
[SourceQuality "1"]
[TimeControl "40/5400+30:1800+30"]

1. e4 c5 2. Nf3 Nc6 3. Bb5 g6 4. Nc3 Bg7 5. O-O d6 {[%emt 0:05:42] [#]} 6. e5 $1 dxe5 (6... Bg4 {feels hotter.} 7. exd6 exd6 8. Nd5 Nf6) 7. Bxc6+ bxc6 8. Re1 Qc7 {[%emt 0:06:33] The position is equal.} 9. b3 Bf5 {[%emt 0:12:03][%cal Oe5e4] White must now prevent ...e4!} 10. Bb2 Rd8 11. Na4 f6 (11... Bg4 $14) 12. Nxc5 $16 Nh6 13. d4 exd4 ({Black should try} 13... Rd5) 14. Nxd4 {[%emt 0:08:46] Excellent horsemanship.} Rd5 (14... Qb6 {was necessary.}) 15. Nce6 $18 Bxe6 16. Nxe6 (16. Rxe6 c5 17. Qf3 (17. Rc6 $2 Qd7 $19) 17... Rxd4 18. Bxd4 cxd4 $15) 16... Qd6 17. Nxg7+ Kf7 18. Qe2 Kxg7 19. Qxe7+ Nf7 20. Qe6 (20. Qxa7 Rd8 21. h3 Rf8 $18) 20... Qf4 21. g3 (21. Qxc6 Rhd8 22. Bc3 Ne5 23. Bxe5 fxe5) 21... Qf5 22. Qxf5 (22. Qxc6 Rd2 23. Rf1 Rxc2 24. Bxf6+ Kh6 $14) 22... Rxf5 23. Rad1 g5 24. Rd7 g4 25. Ree7 ({Don't do} 25. Rxa7 Kg6 26. Ree7 Ng5 27. Rg7+ Kh5) 25... Rf8 26. Rxa7 Kg6 27. Bc1 Rf3 28. Be3 Ne5 (28... Rf5 {was called for.} 29. b4 h6) 29. Bd4 Rd8 30. Bxe5 {[%emt 0:01:02] White is clearly winning.} Rd1+ 31. Kg2 Rd2 32. Rg7+ Kf5 {[%emt 0:00:24] [#]} 33. Bd4 Rxd4 {[%emt 0:00:41] [#]} 34. Rxg4 $3 Kxg4 35. h3+ Kf5 36. Kxf3 Rd2 37. Rxh7 Rxc2 38. Rh5+ {[%emt 0:00:06] White took control after the opening.   Weighted Error Value: White=0.14 (very precise) /Black=0.36.  Mistake:       	---       	Black=4      Inaccurate:     	White=1     	Black=1      OK:         	White=16    	Black=10     Best:        	White=1     	Black=2      Brilliant:      	White=1     	---} 1-0

[Event "Qatar Masters 2024"]
[Site "Doha"]
[Date "2024.12.03"]
[Round "1.29"]
[White "Mohamed Anees M"]
[Black "Sankalp Gupta"]
[Result "0-1"]
[Annotator "TA"]
[ECO "C01"]
[WhiteElo "2344"]
[BlackElo "2539"]
[PlyCount "84"]
[EventDate "2024.11.24"]
[EventType "swiss"]
[EventCountry "QAT"]
[SourceTitle "playchess.com"]
[Source "ChessBase"]
[SourceQuality "1"]
[TimeControl "40/5400+30:1800+30"]

1. e4 e6 2. d4 d5 3. exd5 exd5 4. Nf3 Bd6 5. c4 Nf6 6. c5 Be7 7. Bd3 b6 8. Qa4+ Bd7 9. Qc2 Nc6 {[%emt 0:12:43] The position is equal.} 10. a3 bxc5 11. dxc5 a5 12. O-O O-O 13. Be3 h6 (13... d4 $11 {might be stronger.} 14. Nxd4 Nxd4 15. Bxd4 Bf5) 14. h3 Re8 15. Nc3 Bf8 16. Rad1 Qc8 17. Kh2 Rb8 (17... Qb7 $5) 18. Ne2 Qb7 19. Rb1 a4 20. Rfc1 Ne4 21. Nc3 Nxc5 22. Bxc5 Bxc5 23. Nxa4 Bd6+ 24. Kg1 Qc8 25. Re1 Ne5 26. Nxe5 Bxe5 27. Re3 Bd6 {[%emt 0:07:33] And now ...Rxe3 would win. A strong pair of Bishops.} 28. Rbe1 (28. Rxe8+ $11 {and White has nothing to worry.} Qxe8 29. Nc5) 28... Rxe3 $1 $19 29. Rxe3 c5 30. Re1 c4 31. Bf1 Qc6 32. Nc3 d4 (32... Bc5 $19 {...d4 would now be deadly.} 33. Nd1 Qd6) 33. Ne4 $17 d3 $36 {[%emt 0:00:01][%mdl 2048] Keeping White busy.} 34. Bxd3 cxd3 35. Qxc6 Bxc6 (35... Bh2+ $1 $17 36. Kxh2 Bxc6) 36. Nxd6 $11 Rxb2 $17 {[%emt 0:01:33][%mdl 4096] Endgame. ...d2 is the strong threat. KRB-KRN} 37. Nc4 (37. Rd1 $11 {and White is okay.}) 37... Re2 $1 $19 38. Rd1 {[%emt 0:00:56] [#]} Bb5 $1 39. Ne3 (39. Nd6 $142 d2 40. Rxd2 Rxd2 41. Nxb5) 39... d2 40. Nc2 $2 (40. Nf1) 40... Ba4 {[%emt 0:02:34] Black is clearly winning.} 41. Kf1 {[%emt 0:30:11] [#]} Re1+ $1 42. Rxe1 (42. Nxe1 Bxd1) 42... Bxc2 {[%emt 0:00:00] Weighted Error Value: White=0.44/Black=0.13 (very precise) .  Loses game:     	White=2     	---        Mistake:       	White=2     	Black=3      Inaccurate:     	White=5     	Black=3      OK:         	White=10    	Black=7      Best:        	White=3     	Black=6      Strong:       	---       	Black=3} 0-1

[Event "Qatar Masters 2024"]
[Site "Doha"]
[Date "2024.12.03"]
[Round "1.30"]
[White "Zemlyanskii, Ivan"]
[Black "Munguntuul, Batkhuyag"]
[Result "1-0"]
[Annotator "TA"]
[ECO "B12"]
[WhiteElo "2543"]
[BlackElo "2344"]
[PlyCount "89"]
[EventDate "2024.11.24"]
[EventType "swiss"]
[EventCountry "QAT"]
[SourceTitle "playchess.com"]
[Source "ChessBase"]
[SourceQuality "1"]
[TimeControl "40/5400+30:1800+30"]

1. e4 c6 2. d4 d5 3. e5 Bf5 4. c4 e6 5. Nc3 Nd7 6. cxd5 cxd5 7. Bd3 {[%emt 0:00:16] Black should prevent Bxf5.} Bxd3 8. Qxd3 Bb4 9. Qg3 {[%emt 0:00:38] White has an edge.} Kf8 10. Nge2 Ne7 11. O-O Nb6 12. Qd3 h5 13. Bg5 Qd7 14. Rac1 Nf5 15. Ng3 Be7 16. Nxf5 Bxg5 {[%emt 0:00:16] [#]} 17. Qg3 $1 Bh6 18. Nxh6 Rxh6 19. Rc2 Rc8 20. Rfc1 Kg8 21. b3 Rh8 22. a4 {[%emt 0:02:30][%cal Ba2a4,Ba4a5][%mdl 32] a5 is the strong threat.} Rc6 23. Ne2 {[%emt 0:13:13] Black must now prevent Rxc6.} Rxc2 24. Rxc2 Kh7 25. a5 Nc8 (25... Na8 $1 $14) 26. Rc3 {[%emt 0:04:18] White has more active pieces.} (26. Qg5 $16) 26... Ne7 $11 27. Qf3 Kg8 28. h3 Nc6 (28... a6 $11) 29. Rc5 (29. a6 $1 $16) 29... g6 {[%emt 0:01:15] [#]} (29... Nb4 $11) 30. Qf6 (30. a6 $1 $16 b6 31. Rc3) 30... Kh7 (30... a6 $11) 31. g4 ({White should try} 31. a6 $16) 31... hxg4 $14 32. hxg4 Kg8 {[%emt 0:00:10] [#]} (32... a6 $1 $11) 33. a6 $1 $16 Rh3 $2 {[%emt 0:02:02][%mdl 8192] This move loses the game for Black.} (33... b6 $16 34. Rc3 b5) 34. Kg2 Rh7 35. axb7 Qxb7 36. Nf4 Ne7 {[%emt 0:01:21] [#]} (36... Nxd4 $2 37. Qd8+ Kg7 38. Rc8) 37. b4 {[%emt 0:01:12][%mdl 512] Black is weak on the dark squares} Qd7 38. Nh3 {[%emt 0:00:27] Strongly threatening Ng5.} Rg7 $2 (38... g5 39. Nxg5 (39. Qxg5+ Rg7 $18) 39... Rg7) 39. Ng5 $18 Qb7 40. Rc3 Qd7 41. Qf4 Qb7 42. Rf3 Qb6 43. Nxf7 (43. Qf6 $142 Qb7 44. Nxe6 (44. Nxf7 Nf5 $18) (44. b5 Qd7 $18) 44... Rh7 45. Ng5 Nc6 46. Nxh7 Qe7 47. Rh3 (47. Qxc6 Kxh7 48. Rh3+ Kg7 49. Qc8 Qf8) (47. Qxe7 Nxe7 48. b5 g5 $18) 47... Qe6 48. Qf4 (48. Qxe6 fxe6 49. Nf6+ Kf8 $18)) 43... Nf5 44. gxf5 Rxf7 45. f6 {[%emt 0:00:36] Weighted Error Value: White=0.28 (precise) /Black=0.79.  Loses game:     	---       	Black=1      Mistake:       	White=4     	Black=6      Inaccurate:     	White=2     	Black=4      OK:         	White=9     	Black=9      Best:        	White=1     	Black=1      Strong:       	White=2     	---} 1-0

[Event "Qatar Masters 2024"]
[Site "Doha"]
[Date "2024.12.03"]
[Round "1.31"]
[White "Tissir, Mohamed"]
[Black "Abdisalimov, Abdimalik"]
[Result "1/2-1/2"]
[Annotator "TA"]
[ECO "B86"]
[WhiteElo "2341"]
[BlackElo "2536"]
[PlyCount "130"]
[EventDate "2024.11.24"]
[EventType "swiss"]
[EventCountry "QAT"]
[SourceTitle "playchess.com"]
[Source "ChessBase"]
[SourceQuality "1"]
[TimeControl "40/5400+30:1800+30"]

1. e4 c5 2. Nf3 d6 3. d4 cxd4 4. Nxd4 Nf6 5. Nc3 a6 6. Bc4 e6 7. a4 Be7 8. O-O O-O 9. Kh1 {[%emt 0:04:04] B86: Sicilian Scheveningen/Najdorf: 6 Bc4, without early ...b5.} b6 10. Qe2 Bb7 $146 ({Predecessor:} 10... Qc7 11. Bd3 Nbd7 12. f4 Bb7 13. Nf3 Nc5 14. Bd2 Nxd3 15. cxd3 Rac8 16. Rac1 Qd7 17. d4 b5 18. axb5 axb5 19. e5 Nd5 20. Ne4 h6 {0-1 Bovtramovics,V (1752)-Nwachukwu,C (1936) Milton Keynes 4NCL Major op 11th 2016 (2.14)}) 11. f4 d5 12. exd5 exd5 13. Ba2 Re8 14. Qd3 Bc5 15. Be3 Nc6 16. Nxc6 Bxc6 17. Bd4 Ng4 18. Bxc5 bxc5 19. Bxd5 Bxd5 20. Nxd5 Qh4 21. Qg3 Qxg3 22. hxg3 Re2 23. Rac1 Rd2 24. Nc3 Rad8 (24... f5 $11) 25. Rfe1 ({White should play} 25. Ne4 $14 R2d4 26. Nxc5) 25... f5 $11 26. Kg1 Kf7 27. b3 R8d6 28. a5 Re6 29. Rxe6 Kxe6 30. Re1+ Kd6 31. Re2 Rxe2 32. Nxe2 Kc6 33. c4 $1 Kd6 34. Nc1 Nf6 35. Kf2 Ne4+ 36. Kf3 h5 37. Ke3 Nxg3 38. Nd3 Ne4 39. Ne5 Nc3 40. Nd3 Ne4 41. Ne5 Nf6 42. Nd3 Nd7 43. b4 cxb4 44. Kd4 (44. Nxb4 $5 Nc5 $8 45. Kd2 $11) 44... b3 45. Kc3 Nb8 46. Kxb3 Nc6 47. Nb4 Nd4+ (47... Nxa5+ 48. Kc3 $17) 48. Ka4 Kc5 49. Nxa6+ Kxc4 50. Nc7 Nc6 51. Ne6 Nxa5 $1 52. Kxa5 g6 53. Nf8 (53. Kb6 $5 Kd3 $8 54. Nf8 $11) 53... Kd3 54. Nxg6 Ke3 55. Kb5 Kf2 $1 56. Kc5 Kxg2 57. Kd5 Kg3 58. Ke5 (58. Ke6 $5 h4 $8 59. Nxh4 (59. Kxf5 $2 {loses.} h3 $19) 59... Kxf4 60. Ng6+ (60. Nxf5 Kg5 $11) 60... Kf3 61. Ne5+ (61. Kxf5 Kg3 $11) 61... Ke3 62. Ng6 $11) 58... Kg4 59. Ne7 (59. Kf6 $5 h4 $8 60. Nxh4 Kxf4 61. Ng6+ (61. Nxf5 Kg4 $11) 61... Ke3 62. Ke5 $11 (62. Kxf5 Kf3 $11)) 59... h4 60. Nxf5 h3 61. Ne3+ $1 Kf3 62. Nf1 Kg2 63. Ne3+ Kf3 64. Nf1 Kg2 65. Ne3+ Kf3 1/2-1/2

[Event "Qatar Masters 2024"]
[Site "Doha"]
[Date "2024.12.03"]
[Round "1.32"]
[White "Adhiban, B.."]
[Black "Nandhidhaa, P V"]
[Result "1-0"]
[Annotator "TA"]
[ECO "C11"]
[WhiteElo "2535"]
[BlackElo "2339"]
[PlyCount "57"]
[EventDate "2024.11.24"]
[EventType "swiss"]
[EventCountry "QAT"]
[SourceTitle "playchess.com"]
[Source "ChessBase"]
[SourceQuality "1"]
[TimeControl "40/5400+30:1800+30"]

1. e4 e6 2. d4 d5 3. Nc3 Nf6 4. e5 Nfd7 5. f4 c5 6. Nf3 Nc6 7. Be3 a6 8. Qd2 Be7 9. Be2 O-O 10. O-O b5 11. Nd1 b4 {[%emt 0:12:38] The position is equal.} 12. Nf2 a5 13. dxc5 Nxc5 14. c4 dxc4 15. Bxc4 Bb7 16. Qe2 Rc8 17. Rac1 Nb8 (17... a4 $11) 18. Rfd1 Qb6 (18... Qc7 $142) 19. Nd4 $1 $16 {[%emt 0:00:06] Black must now prevent f5.} Nbd7 20. Ng4 {[%emt 0:09:36] Threatens to win with f5.} Qc7 21. Nb5 Qb8 22. Nd6 $36 {[%emt 0:00:56][%mdl 2048] Black is under strong pressure.} Bxd6 23. Rxd6 (23. exd6 $16 Rc6 24. Bb5 Rxd6 25. Bxc5 (25. Rxc5 Nxc5 26. Bxc5 Rxd1+ 27. Qxd1 Rd8 $11) 25... Rxd1+ 26. Qxd1 Nxc5 27. Rxc5) 23... Bc6 24. Rcd1 Qb7 25. h3 {[%emt 0:07:34] White has more active pieces.} Rc7 {[%emt 0:00:10] [#]} ({Black should try} 25... Be4 $14) 26. Nf6+ $1 gxf6 {[%emt 0:01:01] [#]} (26... Nxf6 27. exf6) 27. Bxc5 $1 Nxc5 $2 (27... f5 $18) 28. Qg4+ Kh8 29. exf6 {[%emt 0:00:04] Weighted Error Value: White=0.07 (flawless) /Black=0.40.  Mistake:       	White=1     	Black=4      Inaccurate:     	---       	Black=1      OK:         	White=6     	Black=7      Best:        	White=1     	Black=2      Strong:       	White=2     	---        Brilliant:      	White=1     	---} 1-0

[Event "Qatar Masters 2024"]
[Site "Doha"]
[Date "2024.12.03"]
[Round "1.33"]
[White "Adireddy Arjun"]
[Black "Harutyunyan, Tigran K."]
[Result "0-1"]
[Annotator "TA"]
[ECO "C88"]
[WhiteElo "2335"]
[BlackElo "2524"]
[PlyCount "68"]
[EventDate "2024.11.24"]
[EventType "swiss"]
[EventCountry "QAT"]
[SourceTitle "playchess.com"]
[Source "ChessBase"]
[SourceQuality "1"]
[TimeControl "40/5400+30:1800+30"]

1. e4 e5 2. Nf3 Nc6 3. Bb5 a6 4. Ba4 Nf6 5. O-O Be7 6. Re1 b5 7. Bb3 O-O 8. a4 Bb7 9. d3 d6 10. c3 Na5 11. Ba2 c5 12. Nbd2 Rb8 13. Nf1 b4 14. cxb4 cxb4 {[%emt 0:00:16] White is slightly better.} 15. Ne3 b3 16. Bb1 Re8 17. Bd2 d5 18. exd5 Nxd5 (18... Bc5 {seems wilder.} 19. Nc4 e4 20. Bxa5 Qxd5 21. dxe4 Qxc4 22. Qd2 Nxe4 23. Bxe4 Bxe4 24. Rac1 Bc2) 19. Nxd5 Bxd5 20. Nxe5 Nc6 {[%emt 0:05:38] [#] Repels d4. Hoping for ...Bc5.} 21. Bc3 $2 (21. d4 $1 $14 {keeps the upper hand.}) 21... Nxe5 (21... Bb4 $17 22. Bxb4 Rxb4 (22... Nxe5 23. d4 $15) 23. Nxc6 Bxc6 24. Rxe8+ Bxe8) 22. Rxe5 $15 Bb4 {[%emt 0:00:27] Threatens to win with ...Bxc3.} 23. Rxe8+ Qxe8 24. Bxb4 Rxb4 25. d4 {[%emt 0:01:17] [#]} (25. Qd2 $1 $15 a5 (25... Rxa4 $2 26. Rxa4 Qxa4 27. Qg5 $19) 26. d4) 25... g6 $1 $17 {[%emt 0:01:49][%cal Ob4d4] Black is much more active.} ({Don't do} 25... Rxa4 26. Rxa4 (26. Bxh7+ $2 Kxh7 27. Rxa4 Qxa4 $19) 26... Qxa4 27. Bd3 $15) 26. Bd3 (26. h3 $17) 26... Rxd4 $19 {[%emt 0:00:30] Strongly threatening ...Bc4.} 27. Qf1 a5 ({But not} 27... Rxa4 28. Rxa4 Qxa4 29. Qc1 $19) 28. Bb5 $2 (28. g3 {keeps fighting.}) 28... Qe4 {[%emt 0:00:32] Black is clearly winning.} 29. Be2 Qc2 30. Rb1 Be4 31. Rc1 Qxb2 32. Bc4 Bc2 {[%emt 0:01:17][%cal Od4c4] White must now prevent ...Rxc4!} 33. Re1 Qc3 34. Bb5 b2 {[%emt 0:00:32] Weighted Error Value: White=0.71/Black=0.09 (flawless) .  Mistake:       	White=4     	Black=1      Inaccurate:     	White=2     	Black=1      OK:         	White=4     	Black=5      Best:        	White=2     	Black=3      Strong:       	---       	Black=1} 0-1

[Event "Qatar Masters 2024"]
[Site "Doha"]
[Date "2024.12.03"]
[Round "1.34"]
[White "Raja Rithvik R"]
[Black "Baradaran Tamadon, Arian"]
[Result "1-0"]
[Annotator "TA"]
[ECO "D35"]
[WhiteElo "2528"]
[BlackElo "2323"]
[PlyCount "77"]
[EventDate "2024.11.24"]
[EventType "swiss"]
[EventCountry "QAT"]
[SourceTitle "playchess.com"]
[Source "ChessBase"]
[SourceQuality "1"]
[TimeControl "40/5400+30:1800+30"]

1. d4 Nf6 2. c4 e6 3. Nc3 d5 4. cxd5 exd5 5. Bg5 c6 6. e3 Be6 7. Bd3 Nbd7 8. Bf4 h6 {[%emt 0:00:44] The position is equal.} 9. h3 Nb6 10. Nge2 Bd6 11. Qc2 O-O 12. g4 Bxf4 13. Nxf4 Qe7 14. Rg1 Nfd7 {[%emt 0:04:05] [#]} ({Black should play} 14... Rac8 $14) 15. h4 c5 (15... Qxh4 $11 16. O-O-O Bxg4) 16. g5 $16 h5 17. dxc5 {[%emt 0:22:12] White is much more active.} (17. Nxh5 cxd4 18. Rg3 Rac8 (18... dxc3 19. Qxc3 f5 20. gxf6 $16) 19. exd4 Bg4+ 20. Re3 Qb4 $17) (17. Nxe6 $16 Qxe6 18. Bh7+ Kh8 19. Bf5) 17... Nxc5 $14 18. Nxh5 (18. Rd1 {simplifies} Nxd3+ 19. Qxd3 Rfd8 20. Qe2) 18... d4 $1 19. Be2 $36 {[%emt 0:07:29][%cal Oh5f6][%mdl 2048] aiming for Nf6+! White has the initiative.} g6 $2 {[%emt 0:03:21] A mistake that costs the game.} (19... dxc3 $2 20. Nf6+ $18) (19... Rfd8 $1 $11 {and Black is okay.} 20. Nf6+ Kf8) 20. Nf6+ $18 (20. exd4 Bf5 21. Nf6+ Kg7 $16) 20... Kh8 (20... Kg7 $16 {was worth a try.}) 21. h5 {[%emt 0:02:54][%cal Bh4h5,Bh5g6][%mdl 32] Strongly threatening hxg6!} (21. exd4 $6 Bf5 22. Ncd5 Nxd5 23. Nxd5 (23. Qxc5 Qxc5 24. dxc5 Nxf6 $16) 23... Bxc2 $18) 21... Bf5 (21... dxc3 $2 22. Rh1 $18) (21... Kg7 {is a better defense.} 22. Nb5 (22. exd4 Bf5 $18) 22... Bf5) 22. e4 $1 Qe5 23. exf5 (23. hxg6 $142 Bxg6 24. f4 Qxf4 25. Rh1+ Kg7 26. Rh7+ Bxh7 27. Nh5+ Kg8 28. Nxf4 dxc3 29. Qxc3 Nxe4 30. Qh3) 23... d3 $2 {[%emt 0:00:14] [#]} (23... gxf5 {is more resistant.} 24. Rd1 dxc3 25. Qxc3 Qxc3+ 26. bxc3 Rac8) 24. hxg6 $1 Qh2 {[%emt 0:00:09] [#] Dodges Rh1} (24... dxc2 25. Rh1+) 25. O-O-O $1 {[%emt 0:02:10][%cal Og1h1] Hoping for Rh1!} dxc2 26. Kxc2 Kg7 {[%emt 0:02:00] ...Rh8 is the strong threat.} 27. Rh1 Rh8 28. Rxh2 Rxh2 29. b4 Rxf2 30. bxc5 {[%emt 0:00:40] Threatens to win with Nh5+.} Rc8 31. Nfe4 Rxf5 32. cxb6 {[%emt 0:00:31] Bg4 would now be deadly.} Re5 33. Bg4 Ra8 34. gxf7 axb6 35. Rd7 b5 36. Rxb7 Rxa2+ 37. Nxa2 {[%emt 0:00:24] White mates.} Rxe4 38. Bh5 Re5 39. Rb8 {[%emt 0:00:12] Weighted Error Value: White=0.25 (precise) /Black=0.75.  Mistake:       	White=3     	Black=6      Inaccurate:     	White=1     	Black=3      OK:         	White=9     	Black=7      Best:        	White=2     	Black=2      Strong:       	White=1     	Black=1} 1-0

[Event "Qatar Masters 2024"]
[Site "Doha"]
[Date "2024.12.03"]
[Round "1.35"]
[White "Aziz, Husain"]
[Black "Xu, Zhihang"]
[Result "1/2-1/2"]
[Annotator "TA"]
[ECO "D00"]
[WhiteElo "2346"]
[BlackElo "2511"]
[PlyCount "78"]
[EventDate "2024.11.24"]
[EventType "swiss"]
[EventCountry "QAT"]
[SourceTitle "playchess.com"]
[Source "ChessBase"]
[SourceQuality "1"]
[TimeControl "40/5400+30:1800+30"]

1. d4 Nf6 2. Nf3 g6 3. Nc3 d5 4. Bf4 Bg7 5. Nb5 Na6 6. e3 O-O 7. h3 c5 8. c3 {[%emt 0:02:15] White has an edge.} Bd7 9. a4 Qb6 (9... c4 $5) 10. Be2 Rfc8 11. O-O cxd4 12. exd4 Nb8 13. Ra2 Nc6 14. Re1 a6 {[%emt 0:00:07][%cal Of6h5] [#] Hoping for ...Nh5!} 15. Na3 e6 16. Nb1 Na5 17. Nbd2 Qd8 18. Bf1 Be8 19. Ne5 Nd7 20. Ndf3 Nxe5 21. Bxe5 f6 22. Bg3 Bd7 23. Nh2 Nc4 24. Ng4 Qf8 25. a5 Nd6 26. Bd3 Nf5 27. Bh2 Re8 28. Ra1 Qf7 29. Qb3 Bc6 30. Re2 Qd7 31. Rae1 Kf7 32. Ne3 Bf8 33. Qd1 Bb5 34. b3 (34. g4 $14 Nd6 35. h4) 34... Rac8 (34... Bxd3 {feels hotter.} 35. Qxd3 Qb5 36. c4 Qxa5 37. g4 Nxe3 38. Qxe3 Rac8) 35. Nxf5 {[%emt 0:00:24] [#] aiming for Bxb5. The position is equal.} Bxd3 36. Qxd3 exf5 37. Rxe8 Rxe8 38. Rxe8 Qxe8 39. Kf1 {[%emt 0:00:19] Prevents Qe1+} Qe4 {[%emt 0:06:05] Weighted Error Value: White=0.11 (very precise) /Black=0.10 (very precise) .  Mistake:       	White=1     	---        Inaccurate:     	White=3     	Black=7      OK:         	White=10    	Black=14     Best:        	White=1     	---} 1/2-1/2

[Event "Qatar Masters 2024"]
[Site "Doha"]
[Date "2024.12.03"]
[Round "1.36"]
[White "Galaviz Medina, Sion Radamantys"]
[Black "Jani Kushal R"]
[Result "1-0"]
[Annotator "TA"]
[ECO "E42"]
[WhiteElo "2507"]
[BlackElo "2326"]
[PlyCount "87"]
[EventDate "2024.11.24"]
[EventType "swiss"]
[EventCountry "QAT"]
[SourceTitle "playchess.com"]
[Source "ChessBase"]
[SourceQuality "1"]
[TimeControl "40/5400+30:1800+30"]

1. d4 Nf6 2. c4 e6 3. Nc3 Bb4 4. e3 O-O 5. Bd3 c5 6. Nge2 cxd4 7. exd4 d5 8. a3 Bxc3+ 9. Nxc3 dxc4 10. Bxc4 Nc6 11. Be3 b6 12. O-O Bb7 13. Qd3 h6 {[%emt 0:05:37] The position is equal.} 14. Rad1 Ne7 15. Bf4 Rc8 16. Ba2 Ned5 17. Be5 Nxc3 18. bxc3 Be4 (18... Ne4 {looks sharper.} 19. c4 Qg5 20. f3 f6) 19. Qe2 Bg6 20. c4 Re8 21. Qb2 Nd7 22. Bg3 Qe7 23. Rfe1 Qf8 24. a4 Qe7 25. a5 bxa5 ({Better is} 25... Qg5 $14) 26. c5 $16 Qd8 27. Bc4 {[%emt 0:03:56][%mdl 1024] White has strong compensation.} Nb8 {[%emt 0:04:31] Against Ba6} 28. Bd6 Qd7 {[%emt 0:02:14] Black is weak on the dark squares} 29. Bb5 {[%emt 0:02:41] White is much more active. A strong pair of Bishops.} Qb7 30. Qe2 Red8 31. Rd2 a6 32. Bc4 $36 {[%emt 0:00:26][%mdl 2048] White has good play.} Qb4 $1 {[%emt 0:00:32] [#] ...Rxd6 is the strong threat.} 33. Rc1 (33. Bxa6 $2 Nxa6 34. Red1 Nc7 $19) 33... Nc6 34. Qe3 (34. h4 $5) 34... a4 {[%emt 0:01:46] Strongly threatening ...Na5.} 35. Qc3 a5 36. f3 {[%emt 0:00:25] Prevents Be4} Rxd6 37. cxd6 {[%emt 0:00:05] aiming for d5.} Qxd6 (37... Nd8 $16 38. Ra2 (38. d7 $2 Rxc4 39. Qxc4 Qxd2 $19) 38... a3) 38. Ba6 $18 Rc7 39. Bb5 (39. d5 $18 exd5 40. Bb5) 39... Qb4 $2 {[%emt 0:01:01][%mdl 8192] [#]} 40. Qxb4 $1 {[%emt 0:00:18] White is clearly winning.} ({Not} 40. Bxc6 Rxc6 41. Qxc6 Qxd2 $11) 40... axb4 41. Bxa4 ({Inferior is} 41. Bxc6 a3 42. Ra2 b3 43. Rxa3 b2 $11) 41... b3 42. Rxc6 Rxc6 43. Bxc6 Bc2 44. Be4 {[%emt 0:00:00] Weighted Error Value: White=0.14 (very precise) /Black=0.35.  Loses game:     	---       	Black=2      Mistake:       	White=1     	Black=2      Inaccurate:     	White=1     	Black=1      OK:         	White=10    	Black=10     Best:        	White=2     	Black=3      Strong:       	White=1     	Black=1} 1-0